 Dungeon Crawl Stone Soup version 0.28.0-47-ge53b351184 (webtiles) character file.

Game seed: 16825598197164674633

72 klau3 the Grave Robber (level 4, -2/30 HPs)
             Began as a Demonspawn Necromancer on May 6, 2022.
             Slain by a gnoll
             ... wielding a +0 flail
              (7 damage)
             ... on level 2 of the Dungeon.
             The game lasted 00:08:06 (1813 turns).

klau3 the Grave Robber (Demonspawn Necromancer)     Turns: 1813, Time: 00:08:06

Health: -2/30      AC:  5    Str:  8    XL:     4   Next: 7%
Magic:  1/8        EV: 10    Int: 18    God:
Gold:   83         SH:  0    Dex: 14    Spells: 7/9 levels left

rFire   . . .      SeeInvis .   c - staff of death
rCold   . . .      Faith    .   (no shield)
rNeg    + . .      Spirit   .   f - +0 ring mail
rPois   .          Reflect  .   (no helmet)
rElec   .          Harm     .   (no cloak)
rCorr   .          Rampage  .   (no gloves)
Will    .....                   (no boots)
Stlth   +.........              (no amulet)
HPRegen 0.10/turn               (no ring)
MPRegen 0.11/turn               (no ring)

@: no status effects
A: foul stench 1, demonic magic 1
a: no special abilities


You were on level 2 of the Dungeon.
You visited 1 branch of the dungeon, and saw 2 of its levels.

You collected 83 gold pieces.

Inventory:

Hand Weapons
 b - a +0 whip
 j - a +0 war axe
Missiles
 g - 2 poisoned darts
Armour
 a - a +0 robe
 f - a +0 ring mail (worn)
Magical Staves
 c - a staff of death (weapon)
 e - a staff of earth
Scrolls
 d - a scroll of identify
Potions
 h - a potion of curing {unknown}
 i - a potion of cancellation


   Skills:
 + Level 1.8 Dodging
 + Level 2.1 Stealth
 + Level 3.0 Spellcasting
 + Level 5.3 Necromancy


You had 7 spell levels left.
You knew the following spells:

 Your Spells              Type           Power      Damage    Failure   Level
a - Pain                  Necr           100%       1d9       5%          1
b - Animate Skeleton      Necr           66%        N/A       5%          1

Your spell library contained the following spells:

 Spells                   Type           Power      Damage    Failure   Level
 Vampiric Draining        Necr           33%        2d8       17%         3
 Animate Dead             Necr           16%        N/A       50%         4
 Agony                    Necr           33%        N/A       83%         5


Dungeon Overview and Level Annotations

Branches:
Dungeon (2/15)

Altars:

Shops:
D:2 (


Innate Abilities, Weirdness & Mutations

You may rarely emit foul miasma when damaged in melee.
Spells you cast may paralyse adjacent enemies.


Message History

Aim: a ball python (chance to affect: 93%)
You feel a surge of power!
The ball python writhes in agony!
You kill the ball python!
Malevolent energies surge around you.
The gnoll hits you from afar with a +0 halberd.
Aiming: Pain (safe; 5% risk of failure)
Press: ? - help, Q - select action, (/) - cycle Shift-Dir - straight line, f - goblin
Aim: a goblin, wielding a +0 club (chance to affect: 93%)
You feel a surge of power!
The goblin writhes in agony.
Malevolent energies surge around you.
Aiming: Pain (safe; 5% risk of failure)
Press: ? - help, Q - select action, (/) - cycle Shift-Dir - straight line, f/p - goblin
Aim: a goblin, wielding a +0 club (severely wounded, chance to affect: 93%)
You feel a surge of power!
The goblin writhes in agony.
You kill the goblin!
Malevolent energies surge around you.
Aiming: Pain (safe; 5% risk of failure)
Press: ? - help, Q - select action, (/) - cycle Shift-Dir - straight line, f - gnoll
Aim: a gnoll, wielding a +0 halberd (moderately wounded, chance to affect: 88%)
You feel a surge of power!
The gnoll writhes in agony.
Malevolent energies surge around you.
Aiming: Pain (safe; 5% risk of failure)
Press: ? - help, Q - select action, (/) - cycle Shift-Dir - straight line, f/p - gnoll
Aim: a gnoll, wielding a +0 halberd (heavily wounded, chance to affect: 88%)
You feel a surge of power!
The gnoll writhes in agony.
Malevolent energies surge around you.
As you read the scroll labelled JOEPES SULEK, it crumbles to dust.
It is a scroll of identify.
i - a potion of cancellation The gnoll closely misses you.
You don't have enough magic to cast this spell.
A frilled lizard comes into view.
The frilled lizard hisses angrily.
You hear an angry hiss.
A frilled lizard comes into view.
The gnoll closely misses you. The gnoll hits you with a +0 club.
The gnoll closely misses you. The gnoll completely misses you.
The gnoll hits you with a +0 halberd!
* * * LOW HITPOINT WARNING * * *
The gnoll hits you with a +0 flail!
You die...

### ##≈≈≈≈.. ≈≈≈≈###
### #≈≈≈≈≈.. ....
#≈≈≈≈≈# #..
#≈≈≈≈######...#
#≈≈≈≈≈.....# #.#
####≈≈≈≈≈###.## #.
##g.88≈≈≈≈≈88..## #.
#.l@g...........###.
#..g.........)..##.g
#l#..88≈≈≈≈≈88.....♣.
#.#####..≈≈≈≈.....♣.∩.
..# ##.≈≈≈≈≈..####♣#
### #.#≈≈≈≈≈###
#.##.≈≈≈≈# #.#
#.≈≈≈≈≈# .# #.≈≈≈≈≈.


You could see 3 gnolls and 2 frilled lizards.

Vanquished Creatures
  A gnoll (D:2)
  An adder (D:2)
  2 dart slugs (D:1)
  8 endoplasms
  A giant cockroach (D:1)
  2 goblins (D:2)
  4 hobgoblins (D:1)
  2 jackals (D:1)
  2 quokkas (D:1)
  6 ball pythons
  4 bats
  A frilled lizard (D:1)
  7 kobolds (D:1)
  6 rats
47 creatures vanquished.

Notes
Turn   | Place    | Note
-------+----------+-------------------------------------------
     0 | D:1      | klau3 the Demonspawn Necromancer began the quest for the
                  | Orb.
     0 | D:1      | Reached XP level 1. HP: 13/13 MP: 3/3
   230 | D:1      | Gained mutation: Spells you cast may paralyse adjacent
                  | enemies. [demonic ancestry]
   230 | D:1      | Reached XP level 2. HP: 13/19 MP: 1/5
   462 | D:1      | Learned a level 1 spell: Animate Skeleton
   576 | D:1      | Reached skill level 5 in Necromancy
   776 | D:1      | Reached XP level 3. HP: 22/24 MP: 4/6
  1030 | D:1      | Found a faded altar of an unknown god.
  1779 | D:2      | Gained mutation: You may rarely emit foul miasma when
                  | damaged in melee. [demonic ancestry]
  1779 | D:2      | Reached XP level 4. HP: 26/30 MP: 4/8
  1785 | D:2      | Found Vitz's Antique Weapon Shoppe.
  1813 | D:2      | Slain by a gnoll

Illustrated notes

Levels and vault maps discovered:
D:1:      dpeg_arrival_simpleton_a, layout_loops_corners,
          shapermc_ecumenical_altar_notcrosses
D:2:      wander_river, layout_loops_ring, serial_shops, nicolae_shop_trees,
          shop, nicolae_shop_overgrown_old_shop, st_stairs_10

Skill      XL: |  1  2  3 |
---------------+----------+-----
Stealth        | 2 |  2.1
Necromancy     | 5 |  5.3
Spellcasting   | 3 |  3.0
Dodging        | |  1.8

Action                   |  1- 3 |  4- 6 || total
-------------------------+-------+-------++-------
Melee: Whip              |     3 |       ||     3
       Unarmed           |     1 |       ||     1
 Cast: Pain              |    72 |     7 ||    79
       Animate Skeleton  |     1 |       ||     1
  Use: Scroll            |       |     1 ||     1
 Stab: Paralysed         |     1 |       ||     1
Armor: Robe              |     2 |       ||     2
Dodge: Dodged            |     5 |     4 ||     9
